 Dungeon Crawl Stone Soup version 0.17.1-1-g73c8601 (webtiles) character file.

49 Arkorax the Ruffian (level 3, -4/33 HPs)
             Began as an Ogre Transmuter on Dec 24, 2015.
             Was a Believer of Jiyva.
             Slain by a worm (10 damage)
             ... on level 2 of the Dungeon.
             The game lasted 00:02:09 (1643 turns).

Arkorax the Ruffian (Ogre Transmuter)               Turns: 1643, Time: 00:02:09

Health: -4/33      AC:  3    Str: 15    XL:     3   Next: 77%
Magic:  7/7        EV: 10    Int: 12    God:    Jiyva [**....]
Gold:   55         SH:  0    Dex: 11    Spells: 1 memorised, 6 levels left

rFire  . . .     SeeInvis .       - Unarmed
rCold  . . .     Clarity  .     b - +0 robe
rNeg   . . .     SustAt   .     (no shield)
rPois  .         Gourm    .     (helmet restricted)
rElec  .         Spirit   .     (no cloak)
rCorr  .         Warding  .     (gloves unavailable)
rMut   .         Stasis   .     (boots unavailable)
MR     .....                    (no amulet)
Stlth  +.........               (no ring)
                                (no ring)

@: lethally poisoned (-4 -> -5), not resistant to hostile enchantments, very
unstealthy
A: unfitting armour, tough skin 1
a: Request Jelly, Jelly Paralyse, Renounce Religion


You were on level 2 of the Dungeon.
You worshipped Jiyva.
Jiyva was pleased with you.
You were not hungry.

You visited 1 branch of the dungeon, and saw 2 of its levels.

You collected 55 gold pieces.

Inventory:

Missiles
 a - 12 arrows
Armour
 b - a +0 robe (worn)
Scrolls
 e - a scroll of identify {unknown}
 f - a scroll of recharging {unknown}
 g - a scroll of remove curse {unknown}
 i - a scroll of magic mapping {unknown}
 j - a scroll of noise {unknown}
Potions
 d - a potion of resistance {unknown}
 h - a potion of cancellation {unknown}
 l - 2 potions of brilliance {unknown}
Books
 c - a book of Changes

   Spells                             Type                      Level
   a - Beastly Appendage              Transmutation                1
   b - Sticks to Snakes               Transmutation                2
   c - Spider Form                    Transmutation/Poison         3
   d - Ice Form                       Ice/Transmutation            4
   e - Blade Hands                    Transmutation                5
Comestibles
 k - 2 bread rations


   Skills:
 - Level 1.3 Fighting
 - Level 1.7 Dodging
 * Level 3.3 Unarmed Combat
 + Level 2.8 Spellcasting
 * Level 2.1 Transmutations


You had 6 spell levels left.
You knew the following spells:

 Your Spells              Type           Power        Failure   Level  Hunger
a - Beastly Appendage     Trmt           #.....       12%         1    #......


Dungeon Overview and Level Annotations

Branches:
Dungeon (2/15)

Altars:
Jiyva


Innate Abilities, Weirdness & Mutations

You are too large for most types of armour.
You have tough skin (AC +1).


Message History

You are too injured to fight recklessly!
You are too injured to fight recklessly!
You are too injured to fight recklessly!
You are too injured to fight recklessly!
You are too injured to fight recklessly!
You are too injured to fight recklessly!
You are too injured to fight recklessly!
You are too injured to fight recklessly!
You are too injured to fight recklessly!
You are too injured to fight recklessly!
You are too injured to fight recklessly!
You hit the worm.
The worm is heavily wounded.
The worm closely misses you.
You hit the worm but do no damage. Your punch misses the worm.
The worm is heavily wounded.
You barely miss the worm.
The worm is heavily wounded.
You feel sick. The worm bites you!
You die...

#.# #.# #.#
#.#
#.###########
#.....†.....#
##########.##
#.# #@# #w#
#.# #.# #.#
#.# ..# ###


You could see a worm.

Vanquished Creatures
  2 adders (D:2)
  A giant gecko (D:1)
  2 ball pythons
  A giant cockroach (D:1)
  6 goblins
  2 hobgoblins (D:1)
  3 jackals (D:1)
  5 bats
  2 giant newts (D:1)
  4 kobolds (D:1)
  3 rats (D:1)
31 creatures vanquished.

Vanquished Creatures (others)
  A jelly (D:2)
  An adder (D:2)
  A worm (D:2)
  A giant cockroach (D:2)
  4 bats (D:2)
  A giant newt (D:2)
9 creatures vanquished.

Grand Total: 40 creatures vanquished

Notes
Turn   | Place    | Note
--------------------------------------------------------------
     0 | D:1      | Arkorax the Ogre Transmuter began the quest for the Orb.
     0 | D:1      | Reached XP level 1. HP: 19/19 MP: 3/3
   225 | D:1      | Reached XP level 2. HP: 21/27 MP: 3/5
   259 | D:1      | Reached skill level 3 in Unarmed Combat
   933 | D:1      | Reached XP level 3. HP: 26/33 MP: 5/7
  1105 | D:2      | Found a faded altar to an unknown god.
  1118 | D:2      | Became a worshipper of Jiyva Jeskyhan the Shapeless
  1118 | D:2      | Reached * piety under Jiyva
  1455 | D:2      | Reached ** piety under Jiyva
  1643 | D:2      | Slain by a worm

Action                   || total
-------------------------++-------
Melee: Unarmed           ||   140
 Cast: Beastly Appendage ||    15
 Stab: Sleeping          ||     1
  Eat: Bread ration      ||     1
